 Dungeon Crawl Stone Soup version 0.14-a0-1192-g192f278 (webtiles) character file.

219 PolkaDot the Vexing (level 4, -6/30 HPs)
             Began as a Vampire Enchanter on Dec 1, 2013.
             Mangled by Sigmund
             ... wielding a +0,+0 scythe
              (10 damage)
             ... on Level 3 of the Dungeon.
             The game lasted 00:07:54 (2703 turns).

PolkaDot the Vexing (Vampire Enchanter)             Turns: 2703, Time: 00:07:54

HP  -6/30        AC  4     Str  7      XL: 4   Next: 55%
MP   0/8         EV 13     Int 17      God:
Gold 113         SH  0     Dex 20      Spells:  2 memorised,  1 level left

rFire  . . .     SeeInvis +     a - +1 dagger
rCold  + . .     Clarity  .     b - +1 robe
rNeg   + + .     Conserve .     (no shield)
rPois  +         rCorr    .     (no helmet)
rElec  .         rRot     +     (no cloak)
SustAb . .       Spirit   .     (no gloves)
rMut   .         Warding  .     q - +0 pair of boots
Saprov . . .     Stasis   .     (no amulet)
                                v - +3 ring of dexterity
                                n - +2 ring of dexterity

@: regenerating slowly, very slightly contaminated, slightly resistant to
hostile enchantments, quite stealthy
A: fangs 3, see invisible, unbreathing
a: Bat Form


You were on level 3 of the Dungeon.
You were thirsty.

You visited 1 branch of the dungeon, and saw 3 of its levels.

You collected 113 gold pieces.

Inventory:

Hand weapons
 a - a +1,+1 dagger (weapon)
 u - a cursed -4,-1 orcish short sword
Missiles
 d - 12 darts (quivered)
 s - a throwing net
Armour
 b - a +1 robe (worn)
 q - a +0 pair of boots (worn)
Scrolls
 e - 2 scrolls of identify {unknown}
 f - a scroll of curse jewellery {unknown}
 i - 2 scrolls of enchant weapon II {unknown}
 k - 3 scrolls of remove curse {unknown}
 l - a scroll of teleportation {unknown}
 m - 3 scrolls of blinking
 t - a scroll of enchant weapon I {unknown}
Jewellery
 j - an uncursed ring of protection from fire {unknown}
 n - a +2 ring of dexterity (left hand)
 v - a +3 ring of dexterity (right hand)
Potions
 g - 4 potions of curing
 o - a potion of restore abilities
 p - a potion of paralysis
Books
 c - a book of Maledictions

   Spells                             Type                      Level
   *Corona                            Hexes                        1
   Sure Blade                         Hexes/Charms                 2
   Ensorcelled Hibernation            Hexes/Ice                    2
   *Confuse                           Hexes                        3
   Enslavement                        Hexes                        4
   Invisibility                       Hexes                        6
 r - a book of Conjurations

   Spells                             Type                      Level
   Magic Dart                         Conjuration                  1
   Searing Ray                        Conjuration                  2
   Dazzling Spray                     Conjuration/Hexes            3
   Iskenderun's Mystic Blast          Conjuration                  4
   Iskenderun's Battlesphere          Conjuration/Charms           4
   Fulminant Prism                    Conjuration/Hexes            5


   Skills:
 - Level 3.1 Short Blades
 - Level 0.7 Throwing
 - Level 2.1 Dodging
 + Level 4.8 Stealth
 - Level 1.0 Spellcasting
 * Level 5.6 Hexes


You had one spell level left.
You knew the following spells:

 Your Spells              Type           Power        Failure   Level  Hunger
a - Corona                Hex            ###....      2%          1    ##.....
c - Confuse               Hex            ###.....     10%         3    ####...


Dungeon Overview and Level Annotations

Branches:
Dungeon (3/16)

Altars:
Trog

Annotations:
D:3 Sigmund


Innate Abilities, Weirdness & Mutations

You heal slowly.
You have razor-sharp teeth.*
You have supernaturally acute eyesight.
You can survive without breathing.*


Message History

Sigmund is heavily wounded.
Sigmund casts a spell at you. The magic dart hits you!
* * * LOW HITPOINT WARNING * * *
You barely miss Sigmund. Your bite misses Sigmund.
Sigmund is heavily wounded.
Sigmund completely misses you.
You closely miss Sigmund.
Sigmund is heavily wounded.
Sigmund hits you with a scythe.
* * * LOW HITPOINT WARNING * * *
Casting: Confuse
Confirm with . or Enter, or press ? or * to list all spells.
Aiming: Confuse
Press: ? - help, Shift-Dir - straight line, f/p - Sigmund
Aim: Sigmund, wielding a scythe and wearing a runed robe (heavily wounded) Sigmund resists.
* * * LOW MAGIC WARNING * * *
Sigmund hits you from afar with a scythe!
You die...

#.# #.. #.# ### ######+##### #.#
#. ...........# #.# ###.
...........# #.# #...
.........<.# #.# #####.#.
.........%.# ##.#########)....#.
...>.......####...>........###.#.
...........##...@########### #.#.
...........'(.##...## ###.
...........#######@.# #...
...........# ##.# #.##
#..######### #.# #...
##.....##### #.# #### #......<..#
#.# # #.(.......# #.# #
#%........########.#


You could see Sigmund.

Vanquished Creatures
  Ijyb (D:3)
  3 adders
  4 giant geckos
  A ball python (D:3)
  8 goblins
  5 hobgoblins
  4 jackals
  10 kobolds
  11 bats
  4 giant cockroaches
  A giant newt (D:1)
  7 rats
59 creatures vanquished.

Notes
Turn   | Place    | Note
--------------------------------------------------------------
     0 | D:1      | PolkaDot, the Vampire Enchanter, began the quest for the Orb.
     0 | D:1      | Reached XP level 1. HP: 13/13 MP: 4/4
   195 | D:1      | Reached XP level 2. HP: 14/19 MP: 5/5
   605 | D:2      | Reached XP level 3. HP: 24/24 MP: 6/6
   620 | D:2      | Learned a level 3 spell: Confuse
  1752 | D:2      | Found a bloodstained altar of Trog.
  1781 | D:2      | Reached skill level 5 in Hexes
  1791 | D:2      | Reached XP level 4. HP: 20/30 MP: 5/8
  2327 | D:3      | Noticed Ijyb
  2329 | D:3      | Killed Ijyb
  2558 | D:3      | Noticed Sigmund
  2660 | D:3      | Paralysed by a potion of paralysis for 6 turns
  2703 | D:3      | Mangled by Sigmund

Action                   |  1- 3 |  4- 6 || total
-------------------------+-------+-------++-------
Melee: Dagger            |   161 |    67 ||   228
 Cast: Confuse           |     2 |     3 ||     5
  Use: Potion            |     1 |     7 ||     8
       Scroll            |       |     1 ||     1
 Stab: Sleeping          |    10 |     3 ||    13
       Confused          |       |     1 ||     1
